 Dungeon Crawl Stone Soup version 0.28.0-53-g5a82cb258f (webtiles) character file.

Game seed: 16519477185896765531

511 safid the Cleaver (level 7, 0/59 HPs)
             Began as a Hill Orc Fighter on Aug 16, 2022.
             Killed from afar by Pikel (3 damage)
             ... with a puff of flame
             ... on level 4 of the Dungeon.
             The game lasted 00:03:44 (3536 turns).

safid the Cleaver (Hill Orc Fighter)                Turns: 3536, Time: 00:03:45

Health: 0/59       AC:  8    Str: 21    XL:     7   Next: 19%
Magic:  7/7        EV: 13    Int:  8    God:
Gold:   80         SH:  4    Dex: 10    Spells: 6/6 levels left

rFire   . . .      SeeInvis .   a - +0 war axe
rCold   . . .      Faith    .   c - +0 buckler
rNeg    . . .      Spirit   .   b - +0 scale mail
rPois   .          Reflect  .   v - +0 helmet
rElec   .          Harm     .   (no cloak)
rCorr   .          Rampage  .   (no gloves)
Will    .....                   (no boots)
Stlth   ..........              (no amulet)
HPRegen 0.19/turn               p - +4 ring of slaying
MPRegen 0.10/turn               u - +4 ring of evasion

@: no status effects
A: no striking features
a: no special abilities


You were on level 4 of the Dungeon.
You visited 1 branch of the dungeon, and saw 5 of its levels.

You collected 80 gold pieces.

Inventory:

Hand Weapons
 a - a +0 war axe (weapon)
Missiles
 i - 10 poisoned darts (quivered)
 l - 6 javelins
Armour
 b - a +0 scale mail (worn)
 c - a +0 buckler (worn)
 v - a +0 helmet (worn)
Jewellery
 p - a +4 ring of slaying (left hand)
 u - a +4 ring of evasion (right hand)
 w - a ring of poison resistance
 y - a ring of protection from cold
Scrolls
 f - 3 scrolls of holy word {unknown}
 g - 3 scrolls of teleportation {unknown}
 h - a scroll of silence {unknown}
 k - 2 scrolls of vulnerability {unknown}
 m - 5 scrolls of identify {unknown}
 q - 3 scrolls of fear {unknown}
 x - 2 scrolls of acquirement {unknown}
 A - a scroll of magic mapping {unknown}
Potions
 d - a potion of might
 e - 2 potions of curing {unknown}
 j - 2 potions of degeneration {unknown}
 n - a potion of attraction {unknown}
 o - a potion of berserk rage {unknown}
 r - a potion of heal wounds {unknown}
 s - a potion of lignification {unknown}
 t - a potion of ambrosia {unknown}
 z - a potion of brilliance {unknown}


   Skills:
 - Level 4.0 Fighting
 + Level 9.1 Axes
 - Level 4.0 Armour
 - Level 4.0 Shields


You had 6 spell levels left.
You didn't know any spells.
Your spell library contained the following spells:

 Spells                   Type           Power      Damage    Failure   Level
 Fulminant Prism          Conj/Hex       0%         3d6       100%        4
 Iskenderun's Mystic Bla  Conj/Tloc      0%         2d3       100%        4
 Lee's Rapid Deconstruct  Erth           0%         3d5*      100%        5


Dungeon Overview and Level Annotations

Branches:
Dungeon (5/15)
 Temple: D:4-7

Altars:
Sif Muna
Wu Jian
The Shining One

Annotations:
D:3 2 transporters, Flarelocke's ghost, amateur TrFi
D:4 Pikel


Message History

Pikel burns you.
You barely miss Pikel.
Pikel is moderately wounded.
You slash the black bear!
The black bear goes berserk!
Pikel hits you but does no damage.
Unknown command.
You slash Pikel!
Pikel is heavily wounded.
You hit the black bear. The black bear misses you.
The black bear closely misses you. The black bear completely misses you.
Pikel zaps a wand.
The puff of flame hits you! The black bear closely misses you.
The black bear claws you. The black bear closely misses you.
You slash the black bear!
You kill the black bear!
You hit Pikel but do no damage. Pikel completely misses you.
Your Axes skill increases to level 9!
You have reached level 7!
You slice Pikel!!
Pikel is almost dead.
Pikel hits you with a +2 whip of flaming!
* * * LOW HITPOINT WARNING * * *
Pikel burns you.
* * * LOW HITPOINT WARNING * * *
Unknown command.
You closely miss Pikel.
Pikel is almost dead.
Pikel closely misses you.
Unknown command.
You barely miss Pikel.
Pikel is almost dead.
Pikel hits you with a +2 whip of flaming.
* * * LOW HITPOINT WARNING * * *
Pikel burns you.
* * * LOW HITPOINT WARNING * * *
Unknown command.
You hit Pikel.
Pikel is almost dead.
Pikel zaps a wand.
The puff of flame hits you.
You die...

#.#####.# #..........# ###.#
#.# #.#####>.#.#
##.#.#####.#####.#####..#.#
##.#).##.......)...........#
#.#......##.###...#####....#
##.<..#####.##.....####....#
##.#.#####.###...........##
#.#.......# ##.########.#
##†############@# #.#
##...########+.#K# #.#
#.###..#≈≈≈≈≈#.#'## #.# .##
##.#....≈#....## #.#### .#
#.#....≈#.....## #....# .##
##.#....≈#......## ##.#.##
#.###..'######.....(.####.....#
...........'.........'.......##
#.##....####.........####...##


You could see Pikel.

Vanquished Creatures
  Eustachio (D:4)
  A black bear (D:4)
  2 lemures (D:4)
  A scorpion (D:4)
  A centaur skeleton (D:4)
  An iguana (D:2)
  3 gnolls
  An adder (D:2)
  An ufetubus (D:4)
  2 adder skeletons (D:4)
  3 worms
  5 dart slugs
  4 orcs (D:4)
  9 endoplasms
  4 giant cockroaches
  6 goblins
  9 hobgoblins
  8 jackals
  6 kobolds
  3 quokkas
  11 ball pythons
  7 bats
  3 frilled lizards (D:1)
  7 rats
99 creatures vanquished.

Vanquished Creatures (others)
  6 plants (D:3)
6 creatures vanquished.

Grand Total: 105 creatures vanquished

Notes
Turn   | Place    | Note
-------+----------+-------------------------------------------
     0 | D:1      | safid the Hill Orc Fighter began the quest for the Orb.
     0 | D:1      | Reached XP level 1. HP: 19/19 MP: 1/1
     0 | D:1      | Noticed a merfolk zombie
     8 | D:1      | Noticed a minotaur zombie
    13 | D:1      | Noticed a minotaur zombie
    17 | D:1      | Noticed a demonspawn zombie
    58 | D:1      | Reached XP level 2. HP: 27/27 MP: 2/2
    65 | D:1      | Reached skill level 3 in Axes
   318 | D:1      | Reached XP level 3. HP: 32/33 MP: 3/3
   335 | D:1      | Found a faded altar of an unknown god.
   771 | D:2      | Reached skill level 4 in Axes
   771 | D:2      | Reached XP level 4. HP: 17/40 MP: 4/4
  1607 | D:3      | Found an ornate altar of the Wu Jian Council.
  1610 | D:3      | Reached skill level 5 in Axes
  1667 | D:3      | Reached XP level 5. HP: 41/46 MP: 5/5
  1795 | D:3      | Found a glowing golden altar of the Shining One.
  1874 | D:3      | Found a transporter.
  1885 | D:3      | Noticed Flarelocke's ghost (amateur TrFi)
  2015 | D:3      | Found a transporter.
  2173 | D:4      | Reached skill level 6 in Axes
  2494 | D:4      | Found a shimmering blue altar of Sif Muna.
  2541 | D:4      | Noticed Eustachio
  2566 | D:4      | Killed Eustachio
  2567 | D:4      | Reached skill level 7 in Axes
  2567 | D:4      | Reached XP level 6. HP: 16/52 MP: 6/6
  2923 | D:4      | Reached skill level 8 in Axes
  3415 | D:5      | Entered Level 5 of the Dungeon
  3420 | D:5      | Noticed Pikel
  3421 | D:5      | Noticed a black bear
  3532 | D:4      | Killed a black bear
  3533 | D:4      | Reached skill level 9 in Axes
  3533 | D:4      | Reached XP level 7. HP: 25/59 MP: 7/7
  3536 | D:4      | Killed from afar by Pikel

Illustrated notes

Levels and vault maps discovered:
D:1:      shiori_arrival_whats_in_store_for_you, layout_rooms,
          hellmonk_ecumenical_altar_heavens_door, minmay_circled_x
D:2:      layout_basic, minmay_misc_feat_nine_boxes, minmay_surrounded
D:3:      layout_basic, nicolae_wu_jian_immortal_techniques,
          nicolae_tso_swordbearing_angel, gammafunk_ghost_gnarly_gnolls,
          chequers_garden
D:4:      layout_loops_corners, lemuel_crystal_altar,
          chequers_serial_rivers_room_a, uniq_eustachio
D:5:      layout_loops_ring, grunt_temple_overflow_opulence,
          makhleb_grotto_becter, elyvilon_altar_4, serial_rivers,
          chequers_serial_rivers_room_b, chequers_serial_rivers_small_a,
          chequers_serial_rivers_micro_b, chequers_serial_rivers_micro_e,
          chequers_serial_rivers_micro_c, chequers_serial_rivers_micro_b,
          minmay_misc_feat_five, chequers_serial_rivers_small_3,
          pf_guarded_unrand_woodcutter, uniq_pikel, uniq_menkaure,
          uniq_prince_ribbit1, uniq_grinder, uniq_edmund

Skill      XL: |  1  2  3  4  5  6 |
---------------+-------------------+-----
Axes           | 3 4 5 7 9 |  9.1
Fighting       | 4 |  4.0
Armour         | 4 |  4.0
Shields        | 4 |  4.0

Action                   |  1- 3 |  4- 6 |  7- 9 || total
-------------------------+-------+-------+-------++-------
Melee: War axe           |    93 |   155 |     4 ||   252
Armor: Scale mail        |    52 |    80 |       ||   132
Dodge: Dodged            |    62 |   104 |     1 ||   167
Block: Buckler           |    29 |    40 |       ||    69
